Workbook

Sheet Datos Generales
B2: Para llenar datos principales, en el caso que tenga variación en nombres y cargos, favor actualizar en el lugar correspondiente
B4: Los datos imputados en estas celdas, llenaran todos los formularios que requieran de esas informaciones.
B6: Fecha | C6: 46203
B7: Institución | C7: Consejo Nacional de Zonas Francas de Exp.
B8: Capítulo | C8: 5150
B9: Sub-Capítulo | C9: 01
B10: DAF | C10: 01
B11: UE | C11: 0001
B13: AL | C13: 44742
C16: Preparado por | D16: Revisado por | E16: Autorizado por
C17: Puesto que ocupa | D17: Puesto que ocupa | E17: Puesto que ocupa
C18: 44742 | D18: 44742 | E18: 44742

Sheet 02-43 Inv. de Bienes de Consumo
Q4: Seleccione Fecha | S4: Columna con formula
Q5: Al 01 de enero 2022
B6: Dirección General de Contabilidad Gubernamental | Q6: Al 01 de abril 2022
B7: Formulario Inventario de Bienes De Consumo | Q7: Al 01 de julio 2022
B8: Valor RD$ | Q8: Al 01 de octubre 2022
Q9: Al 01 de diciembre 2022
E10: Fecha: | F10: ='Datos Generales'!C6 -> 46203 | J10: Sub-Capítulo: | K10: ='Datos Generales'!C9 -> 01 | Q10: Seleccione Fecha
E11: Institución: | F11: ='Datos Generales'!C7 -> Consejo Nacional de Zonas Francas de Exp. | J11: DAF: | K11: =+'Datos Generales'!C10 -> 01 | Q11: Al 31 de marzo 2022
E12: Capítulo: | F12: ='Datos Generales'!C8 -> 5150 | J12: UE: | K12: =+'Datos Generales'!C11 -> 0001 | Q12: Al 30 junio 2020
Q13: Al 30 septiembre 2022
C14: Cuenta Contable | D14: CCP. Auxiliar | E14: Fondo | F14: Descripción | G14: (A) Balance Inicial | H14: Balance Inicial Última Actualización | I14: (B) Entradas | K14: (C) Salidas | L14: D = ( A + B - C) Balance Final | M14: Aumento / Disminución | N14: Observaciones | Q14: Al 31diciembre 2022
H15: Al 01 de enero 2022 | I15: Por ejecución Presupuestaria | J15: Captación Directa y/o Donaciones | L15: Al 31 de marzo 2022
L16: =G16+I16+J16-K16 -> 0
L17: =G17+I17+J17-K17 -> 0
L18: =G18+I18+J18-K18 -> 0
L19: =G19+I19+J19-K19 -> 0
L20: =G20+I20+J20-K20 -> 0
L21: =G21+I21+J21-K21 -> 0
L22: =G22+I22+J22-K22 -> 0
L23: =G23+I23+J23-K23 -> 0
L24: =G24+I24+J24-K24 -> 0
L25: =G25+I25+J25-K25 -> 0
L26: =G26+I26+J26-K26 -> 0
L27: =G27+I27+J27-K27 -> 0
... L101: =G101+I101+J101-K101 -> 0
C102: TOTALES RD$ | G102: =SUM(G16:G101) -> 0 | I102: =SUM(I16:I101) -> 0 | K102: =SUM(K16:K101) -> 0 | L102: =SUM(L16:L101) -> 0 | M102: =SUM(M16:M101) -> 0
N103: DG-INS-02-43
D105: ='Datos Generales'!C16 -> Preparado por | G105: ='Datos Generales'!D16 -> Revisado por | L105: ='Datos Generales'!E16 -> Autorizado por
D107: ='Datos Generales'!C17 -> Puesto que ocupa | G107: ='Datos Generales'!D17 -> Puesto que ocupa | L107: ='Datos Generales'!E17 -> Puesto que ocupa
D109: Fecha de preparación | G109: Fecha de revisión | L109: Fecha de autorización

Sheet 02-43 Inv. de Bienes de Consum
B7: Dirección General de Contabilidad Gubernamental
B8: Formulario de Bienes De Consumo
B9: Valor RD$
F12: Institución: | G12: =+'Datos Generales'!C7 -> Consejo Nacional de Zonas Francas de Exp.
C14: Fecha: | D14: ='Datos Generales'!C6 -> 46203 | E14: Capítulo: | F14: ='Datos Generales'!C8 -> 5150 | G14: Sub-Capítulo: | H14: ='Datos Generales'!C9 -> 01 | I14: DAF: | J14: =+'Datos Generales'!C10 -> 01 | K14: UE: | L14: =+'Datos Generales'!C11 -> 0001
C18: Fuente Específica | D18: Partida Presupuestaria | E18: Cuenta Contable | F18: Nombre Cuenta Contable | H18: Entradas | J18: Consumo/ Salidas de Almacén | K18: Seleccione Fecha | L18: Observaciones
G19: Balance Inicial | H19: Por Ejecución Presupuestaria | I19: Recursos Captación directa y/o Donaciones | K19: Balance Final
N20: Seleccione Fecha | O20: Seleccione Fecha
C21: 0100 | D21: 2.3.1.1.01 | E21: 11050019901 | F21: Aceite Oliva Lider 750 Ml | G21: 6926.73 | H21: 7556.6898 | I21: 0 | J21: 10991.549 | K21: =+G21+H21+I21-J21 -> 3491.871
C22: 0100 | D22: 2.3.1.1.01 | E22: 11050019901 | F22: Aceite Oliva Lider Galón | G22: 17697.7 | H22: 23597.59 | J22: 26547.289 | K22: =+G22+H22+I22-J22 -> 14748.001
C23: 0100 | D23: 2.3.9.1.01 | E23: 11050019901 | F23: Aerosol Glade d/varios aromas | G23: 3055.64 | H23: 3698.7105 | J23: 3698.7105 | K23: =+G23+H23+I23-J23 -> 3055.64
C24: 0100 | D24: 2.3.1.1.01 | E24: 11050019901 | F24: Agua Crystal 0.5 L (1/20) | G24: 8515.92 | H24: 12715.973 | J24: 19765.045 | K24: =+G24+H24+I24-J24 -> 1466.8479
C25: 0100 | D25: 2.3.1.1.01 | E25: 11050019901 | F25: Agua Mondariz | G25: 0 | H25: 27965 | J25: 0 | K25: =+G25+H25+I25-J25 -> 27965
C26: 0100 | D26: 2.3.9.3.01 | E26: 11050019901 | F26: Alcohol Isopropilico 75% GL | G26: 4723.1 | H26: 4723.1001 | J26: 6297.4668 | K26: =+G26+H26+I26-J26 -> 3148.7333
C27: 0100 | D27: 2.3.9.1.01 | E27: 11050019901 | F27: Ambientador Dispensadores 6.2 | G27: 6289.35 | H27: 31166.608 | J27: 25152 | K27: =+G27+H27+I27-J27 -> 12303.959
C28: 0100 | D28: 2.3.9.1.01 | E28: 11050019901 | F28: Ambientador Plugins | G28: 4318.65 | H28: 4318.65 | J28: 4318.65 | K28: =+G28+H28+I28-J28 -> 4318.65
C29: 0100 | D29: 2.3.9.1.01 | E29: 11050019901 | F29: Ase brillante 400 G | G29: 3676.86 | H29: 3676.89 | J29: 5165.155 | K29: =+G29+H29+I29-J29 -> 2188.595
C30: 0100 | D30: 2.3.1.1.01 | E30: 11050019901 | F30: Azucar Crema 5 Lbs. | G30: 3905.57 | H30: 14755.621 | J30: 10800.506 | K30: =+G30+H30+I30-J30 -> 7860.6848
C31: 0100 | D31: 2.3.1.1.01 | E31: 11050019901 | F31: Azucar Refino 5/lbs. | G31: 5637.54 | H31: 9054.0882 | J31: 10395.435 | K31: =+G31+H31+I31-J31 -> 4296.1936
C32: 0100 | D32: 2.3.1.1.01 | E32: 11050019901 | F32: Azucar Splenda 100/Sobres | G32: 4831.53 | H32: 5549.4096 | J32: 7531.3416 | K32: =+G32+H32+I32-J32 -> 2849.598
C33: 0100 | D33: 2.3.9.2.01 | E33: 11050019901 | F33: Bandejas p/Escritorios | G33: 2999.7 | H33: 2999.7018 | J33: 3666.3022 | K33: =+G33+H33+I33-J33 -> 2333.0996
C34: 0100 | D34: 2.3.9.2.01 | E34: 11050019901 | F34: Banditas de Gomas | G34: 1249.73 | H34: 1629.6917 | J34: 1875.6829 | K34: =+G34+H34+I34-J34 -> 1003.7388
C35: 0100 | D35: 2.3.9.2.01 | E35: 11050019901 | F35: Base Agenda Esc.T/Libro G/Meta | G35: 2675.59 | H35: 2675.5026 | J35: 2791.8288 | K35: =+G35+H35+I35-J35+4.15 -> 2563.4138
C36: 0100 | D36: 2.3.9.6.01 | E36: 11050019901 | F36: Bateria AA Duracell | G36: 1401.48 | H36: 3276.4984 | J36: 4673.8286 | K36: 0
C37: 0100 | D37: 2.3.9.6.01 | E37: 11050019901 | F37: Bateria 9 Volt. Duracell | G37: 3876 | H37: 3875.9808 | J37: 4844.976 | K37: =+G37+H37+I37-J37 -> 2907.0048
C38: 0100 | D38: 2.3.9.6.01 | E38: 11050019901 | F38: Bateria AAA Duracel | G38: 1324.15 | H38: 3199.1696 | J38: 2626.184 | K38: =+G38+H38+I38-J38 -> 1897.1356
C39: 0100 | D39: 2.3.9.1.01 | E39: 11050019901 | F39: Brillo de Alambre | G39: 864.58 | H39: 864.5692 | J39: 1100.3608 | K39: =+G39+H39+I39-J39 -> 628.7884
C40: 0100 | D40: 2.3.9.1.01 | E40: 11050019901 | F40: Brillo Gris | G40: 157.74 | H40: 157.7403 | J40: 157.7403 | K40: =+G40+H40+I40-J40 -> 157.74
C41: 0100 | D41: 2.3.9.1.01 | E41: 11050019901 | F41: Brillo verde | G41: 196.62 | H41: 196.6176 | J41: 262.1568 | K41: 131.08
C42: 0100 | D42: 2.3.9.2.01 | E42: 11050019901 | F42: Cable Tef. 25' Liso | G42: 1169.8 | H42: 1169.842 | J42: 1169.842 | K42: =+G42+H42+I42-J42 -> 1169.8
C43: 0100 | D43: 2.3.9.2.01 | E43: 11050019901 | F43: Cable Tef. Espirarl 8' | G43: 2400 | H43: 2400 | J43: 2775 | K43: =+G43+H43+I43-J43 -> 2025
C44: 0100 | D44: 2.3.3.2.01 | E44: 11050019901 | F44: Cafe Molido D/una Libra | G44: 55536.28 | H44: 151524.24 | J44: 148638.06 | K44: =+G44+H44+I44-J44+0.02+0.05 -> 58422.526
C45: 0100 | D45: 2.3.9.2.01 | E45: 11050019901 | F45: Cajas Carton p/Archivo | G45: 6168.3 | H45: 6168.3 | J45: 12336.576 | K45: 0
C46: 0100 | D46: 2.3.9.2.01 | E46: 11050019901 | F46: Carpetas W Jones 1 " Negras | G46: 287.07 | H46: 287.025 | J46: 574.05 | K46: 0
C47: 0100 | D47: 2.3.9.2.01 | E47: 11050019901 | F47: Carpetas W Jones 1" Blanc | G47: 932.47 | H47: 932.481 | J47: 1186.794 | K47: =+G47+H47+I47-J47 -> 678.157
C48: 0100 | D48: 2.3.9.2.01 | E48: 11050019901 | F48: Carpetas W Jones 1" Azul | G48: 294.9 | H48: 294.9027 | J48: 294.9027 | K48: =+G48+H48+I48-J48 -> 294.9
C49: 0100 | D49: 2.3.9.2.01 | E49: 11050019901 | F49: Carpetas Wilson Jones 2" Blanc | G49: 3546.84 | H49: 3546.8499 | J49: 3546.8499 | K49: =+G49+H49+I49-J49 -> 3546.84
C50: 0100 | D50: 2.3.9.2.01 | E50: 11050019901 | F50: Carpetas Wilson Jones 2" Negra | G50: 2996.25 | H50: 2996.2401 | J50: 3424.2744 | K50: =+G50+H50+I50-J50 -> 2568.2157
C51: 0100 | D51: 2.3.9.2.01 | E51: 11050019901 | F51: Carpetas Wilson Jones 3" Blanc | G51: 4860.95 | H51: 9852.47 | J51: 8079.0254 | K51: =+G51+H51+I51-J51 -> 6634.3946
C52: 0100 | D52: 2.3.9.2.01 | E52: 11050019901 | F52: Carpetas Wilson Jones 3" Negra | G52: 10510.92 | H52: 18015.704 | J52: 18015.704 | K52: =+G52+H52+I52-J52 -> 10510.92
C53: 0100 | D53: 2.3.9.2.01 | E53: 11050019901 | F53: Carpetas Wilson Jones 4" Blanc | G53: 9120.98 | H53: 14640.847 | J53: 16660.274 | K53: =+G53+H53+I53-J53 -> 7101.5528
C54: 0100 | D54: 2.3.9.2.01 | E54: 11050019901 | F54: Carpetas Wilson Jones 4" Negra | G54: 14152.05 | H54: 19671.923 | J54: 26389.165 | K54: =+G54+H54+I54-J54 -> 7434.808
C55: 0100 | D55: 2.3.9.2.01 | E55: 11050019901 | F55: Cartucho Tinta HP 950 Black | G55: 7289.96 | H55: 7289.976 | J55: 7289.976 | K55: =+G55+H55+I55-J55 -> 7289.96
C56: 0100 | D56: 2.3.9.2.01 | E56: 11050019901 | F56: Cartucho Tinta HP 951 Cyan | G56: 5613.08 | H56: 5613.0732 | J56: 5613.0732 | K56: =+G56+H56+I56-J56 -> 5613.08
C57: 0100 | D57: 2.3.9.2.01 | E57: 11050019901 | F57: Cartucho Tinta HP 951 Magenta | G57: 6620.15 | H57: 6620.125 | J57: 6620.125 | K57: =+G57+H57+I57-J57 -> 6620.15
C58: 0100 | D58: 2.3.9.2.01 | E58: 11050019901 | F58: Cartucho Tinta HP 951 Yellow | G58: 6627.25 | H58: 6627.225 | J58: 6627.225 | K58: =+G58+H58+I58-J58 -> 6627.25
... C131: 0100 | D131: 2.3.9.1.01 | E131: 11050019901 | F131: Gel Antibacterial GL | G131: 7316.33 | H131: 7316.3322 | J131: 8942.1838 | K131: =+G131+H131+I131-J131 -> 5690.4784
C132: 0100 | D132: 2.3.9.1.01 | E132: 11050019901 | F132: Gel Sanitizante (Manitas Limp) | G132: 2225.67 | H132: 2225.6817 | J132: 4451.3634 | K132: 0
C133: 0100 | D133: 2.3.9.2.01 | E133: 11050019901 | F133: Grapadora Swingline | G133: 1649.41 | H133: 1649.3974 | J133: 2474.0961 | K133: =+G133+H133+I133-J133-0.01 -> 824.7013
C134: 0100 | D134: 2.3.9.2.01 | E134: 11050019901 | F134: Grapas 1/2" | G134: 498.54 | H134: 498.51 | J134: 498.51 | K134: =+G134+H134+I134-J134 -> 498.54
C135: 0100 | D135: 2.3.9.2.01 | E135: 11050019901 | F135: Grapas 1/4" 23/6 | G135: 737.3 | H135: 737.28 | J135: 737.28 | K135: =+G135+H135+I135-J135 -> 737.3
C136: 0100 | D136: 2.3.9.2.01 | E136: 11050019901 | F136: Grapas 5/8 | G136: 291.4 | H136: 291.4 | J136: 291.4 | K136: =+G136+H136+I136-J136 -> 291.4
C137: 0100 | D137: 2.3.9.2.01 | E137: 11050019901 | F137: Grapas Standard No. 26 | G137: 816.07 | H137: 816.0152 | J137: 1049.1624 | K137: =+G137+H137+I137-J137 -> 582.9228
C138: 0100 | D138: 2.3.9.1.01 | E138: 11050019901 | F138: Guantes Desechables | G138: 3494.68 | H138: 3494.7028 | J138: 4406.3644 | K138: =+G138+H138+I138-J138 -> 2583.0184
C139: 0100 | D139: 2.3.9.1.01 | E139: 11050019901 | F139: Jabón Liquido 475 ML | G139: 1424.01 | H139: 1424.0136 | J139: 2848.0272 | K139: =+G139+H139+I139-J139 -> -0.0036
C140: 0100 | D140: 2.3.9.1.01 | E140: 11050019901 | F140: Jabón Liquido de Cuaba | G140: 2249.82 | H140: 2462.2205 | J140: 3041.5665 | K140: =+G140+H140+I140-J140 -> 1670.474
C141: 0100 | D141: 2.3.9.1.01 | E141: 11050019901 | F141: Jabon Bola Azul p/fregar | G141: 69.31 | H141: 69.3141 | J141: 69.3141 | K141: =+G141+H141+I141-J141 -> 69.31
C142: 0100 | D142: 2.3.9.1.01 | E142: 11050019901 | F142: Jabón Espuma 1000 ML | G142: 12139.77 | H142: 12139.768 | J142: 24279.536 | K142: =+G142+H142+I142-J142 -> 0.002
C143: 0100 | D143: 2.3.9.1.01 | E143: 11050019901 | F143: Jabón Liq. P/mano | G143: 3070.63 | H143: 3330.1686 | J143: 4823.0028 | K143: =+G143+H143+I143-J143 -> 1577.7958
C144: 0100 | D144: 2.3.9.1.01 | E144: 11050019901 | F144: Jabon Liquido Lava Platos | G144: 2230.02 | H144: 4029.129 | J144: 5819.853 | K144: =+G144+H144+I144-J144 -> 439.296
C145: 0100 | D145: 2.3.9.1.01 | E145: 11050019901 | F145: Kleenex Gigante | G145: 895.78 | H145: 895.7832 | J145: 1791.5664 | K145: =+G145+H145+I145-J145 -> -0.0032
... C178: 0100 | D178: 2.3.3.2.01 | E178: 11050019901 | F178: Pegamento Uhu Liquido | G178: 1389.06 | H178: 1389.0598 | J178: 1634.188 | K178: =+G178+H178+I178-J178 -> 1143.9318
C179: 0100 | D179: 2.3.3.2.01 | E179: 11050019901 | F179: Pegamento Uhu Pasta | G179: 74.33 | H179: 74.31 | J179: 148.62 | K179: 0
C180: 0100 | D180: 2.3.3.2.01 | E180: 11050019901 | F180: Pendaflex 9 1/2 x 14 | G180: 2539.07 | H180: 9415.51 | J180: 8691.24 | K180: =+G180+H180+I180-J180+0.02 -> 3263.36
C181: 0100 | D181: 2.3.3.2.01 | E181: 11050019901 | F181: Pendaflex 9 1/2x11 | G181: 4506.18 | H181: 4506.1478 | J181: 4506.1478 | K181: =+G181+H181+I181-J181 -> 4506.18
C182: 0100 | D182: 2.3.3.2.01 | E182: 11050019901 | F182: Perforadoras 2 Hoyos | G182: 2621.87 | H182: 2621.8695 | J182: 2621.8695 | K182: =+G182+H182+I182-J182 -> 2621.87
C183: 0100 | D183: 2.3.9.1.01 | E183: 11050019901 | F183: Pines Puma W/190 Onza | G183: 3685.2 | H183: 3685.2 | J183: 7370.4 | K183: =+G183+H183+I183-J183 -> 0
C184: 0100 | D184: 2.3.3.2.01 | E184: 11050019901 | F184: Platos Deschebles grandes | G184: 9110.66 | H184: 10189.19 | J184: 19104.732 | K184: =+G184+H184+I184-J184 -> 195.1184
C185: 0100 | D185: 2.3.3.2.01 | E185: 11050019901 | F185: Platos Deschebles Pequeños | G185: 4720.96 | H185: 4720.9855 | J185: 6376.396 | K185: =+G185+H185+I185-J185 -> 3065.5495
C186: 0100 | D186: 2.3.9.2.01 | E186: 11050019901 | F186: Porta Clips | G186: 1994.13 | H186: 1994.1336 | J186: 1994.1336 | K186: =+G186+H186+I186-J186 -> 1994.13
C187: 0100 | D187: 2.3.9.2.01 | E187: 11050019901 | F187: Porta Lapiz | G187: 1682.51 | H187: 1682.5068 | J187: 1869.452 | K187: =+G187+H187+I187-J187 -> 1495.5648
C188: 0100 | D188: 2.3.9.2.01 | E188: 11050019901 | F188: Post-it 3 X 3 | G188: 2071.81 | H188: 2071.812 | J188: 3217.204 | K188: =+G188+H188+I188-J188 -> 926.418
C189: 0100 | D189: 2.3.9.2.01 | E189: 11050019901 | F189: Post-it Banderita | G189: 3256.44 | H189: 3256.4298 | J189: 3924.4154 | K189: =+G189+H189+I189-J189 -> 2588.4544
C190: 0100 | D190: 2.3.9.2.01 | E190: 11050019901 | F190: Protector de Hojas | G190: 1456.9 | H190: 2281.8894 | J190: 1792.9131 | K190: =+G190+H190+I190-J190 -> 1945.8763
C191: 0100 | D191: 2.3.3.2.01 | E191: 11050019901 | F191: Recibo Ingresos Prov.Stgo. | G191: 0 | H191: 3398.4 | J191: 424.8 | K191: =+G191+H191+I191-J191 -> 2973.6
C192: 0100 | D192: 2.3.3.2.01 | E192: 11050019901 | F192: Recibos de Ingresos Pto.Plata | G192: 3480 | H192: 3480 | J192: 6960 | K192: =+G192+H192+I192-J192 -> 0
... C231: 0100 | D231: 2.3.9.2.01 | E231: 11050019901 | F231: Tinta Epson 664 Magenta/Impres | G231: 1180 | H231: 1180 | J231: 2360 | K231: =+G231+H231+I231-J231 -> 0
C232: 0100 | D232: 2.3.9.2.01 | E232: 11050019901 | F232: Tinta Epson 664 Negra p/Impres | G232: 2231.72 | H232: 2231.73 | J232: 4463.46 | K232: 0
C233: 0100 | D233: 2.3.9.2.01 | E233: 11050019901 | F233: Tinta Ideal, Azul 2 Onz | G233: 307 | H233: 306.9999 | J233: 613.9998 | K233: =+G233+H233+I233-J233 -> 0.0001
C234: 0100 | D234: 2.3.9.2.01 | E234: 11050019901 | F234: Tinta Ideal, Negra 2 Onz | G234: 1662 | H234: 1662 | J234: 1662 | K234: =+G234+H234+I234-J234 -> 1662
C235: 0100 | D235: 2.3.9.2.01 | E235: 11050019901 | F235: Tinta Ideal, Roja 2 Onz | G235: 188.01 | H235: 188.01 | J235: 188.01 | K235: =+G235+H235+I235-J235 -> 188.01
C236: 0100 | D236: 2.3.9.2.01 | E236: 11050019901 | F236: Tinta Ideal, Verde 2 Onz | G236: 188.01 | H236: 188.01 | J236: 188.01 | K236: =+G236+H236+I236-J236 -> 188.01
C237: 0100 | D237: 2.3.9.1.01 | E237: 11050019901 | F237: Toallas P/Limpieza | G237: 970.37 | H237: 1045.6712 | J237: 1792.5792 | K237: =+G237+H237+I237-J237 -> 223.462
C238: 0100 | D238: 2.3.9.2.01 | E238: 11050019901 | F238: Toner Brother TN360 | G238: 4327.52 | H238: 4327.5266 | J238: 4327.5266 | K238: =+G238+H238+I238-J238 -> 4327.52
C239: 0100 | D239: 2.3.9.2.01 | E239: 11050019901 | F239: Toner CB435-AD Negro | G239: 30547.66 | H239: 30547.646 | J239: 35638.92 | K239: =+G239+H239+I239-J239 -> 25456.386
C240: 0100 | D240: 2.3.9.2.01 | E240: 11050019901 | F240: Toner Cilindro Photo Conductor | G240: 2610.09 | H240: 2610.09 | J240: 2610.09 | K240: =+G240+H240+I240-J240 -> 2610.09
C241: 0100 | D241: 2.3.9.2.01 | E241: 11050019901 | F241: Toner Film 15CR Sharp | G241: 699.86 | H241: 699.8666 | J241: 699.8666 | K241: =+G241+H241+I241-J241 -> 699.86
C242: 0100 | D242: 2.3.9.2.01 | E242: 11050019901 | F242: Toner Film 3CR Sharp | G242: 1065 | H242: 1065 | J242: 1065 | K242: =+G242+H242+I242-J242 -> 1065
C243: 0100 | D243: 2.3.9.2.01 | E243: 11050019901 | F243: Toner Film 5CR Sharp | G243: 477.56 | H243: 477.5682 | J243: 477.5682 | K243: =+G243+H243+I243-J243 -> 477.56
C244: 0100 | D244: 2.3.9.2.01 | E244: 11050019901 | F244: Toner HP 206A Cyan (W2111A) | G244: 22081.53 | H244: 22081.526 | J244: 27601.907 | K244: =+G244+H244+I244-J244 -> 16561.149
C245: 0100 | D245: 2.3.9.2.01 | E245: 11050019901 | F245: Toner HP 206A Magenta (W2113A) | G245: 33313.46 | H245: 33313.455 | J245: 38865.698 | K245: =+G245+H245+I245-J245-0.01 -> 27761.208
C246: 0100 | D246: 2.3.9.2.01 | E246: 11050019901 | F246: Toner HP 206A Negro (W2110A) | G246: 20503.67 | H246: 20503.668 | J246: 20503.668 | K246: =+G246+H246+I246-J246 -> 20503.67
C247: 0100 | D247: 2.3.9.2.01 | E247: 11050019901 | F247: Toner HP 206A Yellow (W2112A) | G247: 27858.98 | H247: 27858.975 | J247: 33430.77 | K247: =+G247+H247+I247-J247 -> 22287.185
C248: 0100 | D248: 2.3.9.2.01 | E248: 11050019901 | F248: Toner HP 305A Amarillo CE412A | G248: 190544.76 | H248: 190544.81 | J248: 197349.98 | K248: =+G248+H248+I248-J248 -> 183739.59
C249: 0100 | D249: 2.3.9.2.01 | E249: 11050019901 | F249: Toner HP 305A Azul CE411 A | G249: 153866.37 | H249: 153866.37 | J249: 160860.29 | K249: =+G249+H249+I249-J249 -> 146872.44
C250: 0100 | D250: 2.3.9.2.01 | E250: 11050019901 | F250: Toner HP 305A Magenta CE413 A | G250: 154484.88 | H250: 154484.89 | J250: 161506.93 | K250: =+G250+H250+I250-J250 -> 147462.84
C251: 0100 | D251: 2.3.9.2.01 | E251: 11050019901 | F251: Toner HP 305A Negro CE410 A | G251: 85449.7 | H251: 85449.698 | J251: 85449.698 | K251: =+G251+H251+I251-J251 -> 85449.7
C252: 0100 | D252: 2.3.9.2.01 | E252: 11050019901 | F252: Toner HP 30A-CF230A | G252: 53888.25 | H252: 53888.178 | J252: 53888.178 | K252: =+G252+H252+I252-J252 -> 53888.25
C253: 0100 | D253: 2.3.9.2.01 | E253: 11050019901 | F253: Toner HP CF 380A | G253: 67176.79 | H253: 76976.78 | J253: 90972.558 | K253: =+G253+H253+I253-J253 -> 53181.012
C254: 0100 | D254: 2.3.9.2.01 | E254: 11050019901 | F254: Toner HP CF 381A | G254: 47611.4 | H254: 47611.414 | J254: 55546.65 | K254: =+G254+H254+I254-J254 -> 39676.164
...

Sheet LEV.SUMINISTRO JUNIO 2026
D3: RELACION DE INVENTARIO DE SUMINISTRO DE ALMACEN
D4: TRIMESTRE ABRIL -JUNIO 2026
A8: Fecha de Registro | B8: Fecha de Adquisición | C8: Codigo | D8: Descripcion | E8: Medida | F8: Entrada | G8: Salida | H8: Existencia | I8: Costo RD$ | J8: Valor RD$
C9: 001-0000 | D9: PROD.PAPEL, CARTON E IMPRESOS | J9: =SUM(J10:J77) -> 265729.27
A10: 46125 | B10: 46125 | C10: 001-0001 | D10: Papel Bond 20 8 1/2 X 11 | E10: Resma | F10: 452 | G10: 349 | H10: 103 | I10: 216.0301 | J10: 22251.1
A11: 46125 | B11: 46125 | C11: 001-0003 | D11: Papel Bond 20 8 1/2 X 14 | E11: Resma | F11: 41 | G11: 17 | H11: 24 | I11: 269.6795 | J11: 6472.308
A12: 46125 | B12: 46125 | C12: 001-0004 | D12: Papel Timbrado 8 1/2 X 11 | E12: Resma | F12: 28 | G12: 19 | H12: 9 | I12: 890.803 | J12: 8017.227
A13: 46125 | B13: 46125 | C13: 001-0010 | D13: Cartulina hilo 8 1/2x11/blanca | E13: Resma | F13: 3 | G13: 0 | H13: 3 | I13: 543.9967 | J13: 1631.9901
A14: 46125 | B14: 46125 | C14: 001-0013 | D14: Desembolsos Cja.Chica Sto.Dgo. | E14: Block | F14: 7 | G14: 4 | H14: 3 | I14: 324.8475 | J14: 974.5425
A15: 46125 | B15: 46125 | C15: 001-0016 | D15: Recibos Ingresos Prov.Sto.Dgo. | E15: Block | F15: 28 | G15: 0 | H15: 28 | I15: 197.7413 | J15: 5536.7564
A16: 46125 | B16: 46125 | C16: 001-0017 | D16: Recibo Ingresos Prov.Stgo. | E16: Block | F16: 16 | G16: 2 | H16: 14 | I16: 212.4 | J16: 2973.6
A17: 46125 | B17: 46125 | C17: 001-0026 | D17: Control de LLamadas Telefonica | E17: Block | F17: 40 | G17: 0 | H17: 40 | I17: 152.4852 | J17: 6099.408
A18: 46125 | B18: 46125 | C18: 001-0028 | D18: Formularios de Exp.Sto. Dgo. | E18: Block | F18: 145 | G18: 0 | H18: 145 | I18: 109.3083 | J18: 15849.704
A19: 46125 | B19: 46125 | C19: 001-0032 | D19: Control de Insp.Vehiculos | E19: Block | F19: 14 | G19: 0 | H19: 14 | I19: 263.0769 | J19: 3683.0766
A20: 46125 | B20: 46125 | C20: 001-0033 | D20: Foulder Manila 8 1/2x11" | E20: Cajas | F20: 15 | G20: 8 | H20: 7 | I20: 216.2513 | J20: 1513.7591
A21: 46125 | B21: 46125 | C21: 001-0036 | D21: Foulder Satinado Azul | E21: Cajas | F21: 13 | G21: 5 | H21: 8 | I21: 1515.3852 | J21: 12123.082
... A37: 46125 | B37: 46125 | C37: 001-0067 | D37: Separadores de Carpetas 1-12 | E37: Paquetes | F37: 22 | G37: 12 | H37: 10 | I37: 94.4709 | J37: 944.709
A38: 46125 | B38: 46125 | C38: 001-0072 | D38: Protector de Hojas | F38: 14 | G38: 2 | H38: 12 | I38: 162.9921 | J38: 1955.9052
A39: 46125 | B39: 46125 | C39: 001-0074 | D39: Separadores Carpetas 1-15 | E39: Paquetes | F39: 11 | G39: 0 | H39: 11 | I39: 120.8275 | J39: 1329.1025
A40: 46125 | B40: 46125 | C40: 001-0075 | D40: Desembolsos Caja Viaticos | E40: Talonari | F40: 14 | G40: 1 | H40: 13 | I40: 257.8509 | J40: 3352.0617
A41: 46125 | B41: 46125 | C41: 001-0077 | D41: Papel Satinado 8 1/2x11Brochur | E41: Resma | F41: 10 | G41: 0 | H41: 10 | I41: 752.5 | J41: 7525
A42: 46125 | B42: 46125 | C42: 001-0078 | D42: Cinta P/Impresora 7753 | E42: Unidad | F42: 2 | G42: 0 | H42: 2 | I42: 125 | J42: 250
A43: 46125 | B43: 46125 | C43: 001-0079 | D43: Libro Record 300 Pág. | E43: unidad | F43: 13 | G43: 1 | H43: 12 | I43: 165.9129 | J43: 1990.9548
A44: 46125 | B44: 46125 | C44: 001-0087 | D44: Pendaflex 9 1/2 x 14 | E44: Caja | F44: 13 | G44: 9 | H44: 4 | I44: 724.27 | J44: 2897.08
A45: 46125 | B45: 46125 | C45: 001-0088 | D45: Separadores Carpetas 1-31 | E45: 101 | F45: 14 | G45: 6 | H45: 8 | I45: 215 | J45: 1720
A46: 46125 | B46: 46125 | C46: 001-0091 | D46: Cinta p/Impresora zebra S/1 | E46: Unidad | F46: 6 | G46: 0 | H46: 6 | I46: 2085.06 | J46: 12510.36
A47: 46125 | B47: 46125 | C47: 001-0092 | D47: Cinta ZC Serie100/300 | E47: Unidad | F47: 3 | G47: 0 | H47: 3 | I47: 4747.73 | J47: 14243.19
A48: 46125 | B48: 46125 | C48: 001-0094 | D48: Cartulina Opalina Blanca 8 1/2 | E48: CAJA | F48: 3 | G48: 1 | H48: 2 | I48: 310 | J48: 620
A49: 46125 | B49: 46125 | C49: 001-0096 | D49: Tabla Gancho 8 1/2 x 11Carton | E49: Unidad | F49: 4 | G49: 0 | H49: 4 | I49: 56.05 | J49: 224.2
A50: 46125 | B50: 46125 | C50: 002-0001 | D50: Lapiz Carbon Berol Mirado | E50: Unidad | F50: 510 | G50: 46 | H50: 464 | I50: 9.9492 | J50: 4616.4288
... A77: 46125 | B77: 46125 | C77: 006-0041 | D77: Tinta Ideal, Verde 2 Onz | E77: unidad | F77: 1 | G77: 0 | H77: 1 | I77: 188.01 | J77: 188.01
C78: 007-0000 | D78: TONER | F78: 0 | G78: 0 | H78: 0 | I78: 0 | J78: =SUM(J79:J122) -> 1813087.8
A79: 46125 | B79: 46125 | C79: 007-0001 | D79: Toner Laser HP Q7583A Rojo | E79: Unidad | F79: 1 | G79: 0 | H79: 1 | I79: 7814.6333 | J79: 7814.6333
A80: 46125 | B80: 46125 | C80: 007-0002 | D80: Toner Laser Hp Q7582A Amarillo | E80: Unidad | F80: 3 | G80: 0 | H80: 3 | I80: 8298.13 | J80: 24894.39
A81: 46125 | B81: 46125 | C81: 007-0003 | D81: Toner Laser HP Q7581A Azul | E81: Unidad | F81: 3 | G81: 0 | H81: 3 | I81: 8025.11 | J81: 24075.33
A82: 46125 | B82: 46125 | C82: 007-0005 | D82: Toner Laser HP Q6470A Negro | E82: Unidad | F82: 2 | G82: 0 | H82: 2 | I82: 6587.695 | J82: 13175.39
A83: 46125 | B83: 46125 | C83: 007-0006 | D83: Toner Laser HP Q5949A | E83: Unidad | F83: 6 | G83: 0 | H83: 6 | I83: 6952.2483 | J83: 41713.49
A84: 46125 | B84: 46125 | C84: 007-0009 | D84: Toner Laser HP Q2613A | E84: Unidad | F84: 5 | G84: 0 | H84: 5 | I84: 2599.998 | J84: 12999.99
A85: 46125 | B85: 46125 | C85: 007-0011 | D85: Toner Toshiba T-170-F | E85: Unidad | F85: 2 | G85: 0 | H85: 2 | I85: 7014.326 | J85: 14028.652
A86: 46125 | B86: 46125 | C86: 007-0012 | D86: Toner Ricoh 1135 Lanier | E86: Unidad | F86: 1 | G86: 0 | H86: 1 | I86: 6204.26 | J86: 6204.26
A87: 46125 | B87: 46125 | C87: 007-0015 | D87: Toner Toshiba 2060 | E87: Unidad | F87: 2 | G87: 0 | H87: 2 | I87: 737.19 | J87: 1474.38
A88: 46125 | B88: 46125 | C88: 007-0018 | D88: Toner Film 3CR Sharp | E88: Unidad | F88: 3 | G88: 0 | H88: 3 | I88: 355 | J88: 1065
A89: 46125 | B89: 46125 | C89: 007-0019 | D89: Toner Film 5CR Sharp | E89: Unidad | F89: 2 | G89: 0 | H89: 2 | I89: 238.7841 | J89: 477.5682
A90: 46125 | B90: 46125 | C90: 007-0020 | D90: Toner Film 15CR Sharp | E90: Unidad | F90: 2 | G90: 0 | H90: 2 | I90: 349.9333 | J90: 699.8666
... A122: 46125 | B122: 46125 | C122: 007-0059 | D122: Cinta Epson S015329 FX-890 | E122: Unidad | F122: 1 | G122: 0 | H122: 1 | I122: 140 | J122: 140
C123: 008-0000 | D123: UTILES DE ESCRITORIOS | F123: 0 | G123: 0 | H123: 0 | I123: 0 | J123: =SUM(J124:J151) -> 43987.601
A124: 46125 | B124: 46125 | C124: 008-0002 | D124: Bandejas p/Escritorios | E124: Unidad | F124: 9 | G124: 2 | H124: 7 | I124: 333.3002 | J124: 2333.1014
A125: 46125 | B125: 46125 | C125: 008-0003 | D125: Banditas de Gomas | E125: Cajas | F125: 53 | G125: 20 | H125: 33 | I125: 30.7489 | J125: 1014.7137
A126: 46125 | B126: 46125 | C126: 008-0005 | D126: Ganchos Acco | E126: Cajas | F126: 18 | G126: 10 | H126: 8 | I126: 57.2883 | J126: 458.3064
A127: 46125 | B127: 46125 | C127: 008-0007 | D127: Grapadora Swingline | E127: Unidad | F127: 14 | G127: 7 | H127: 7 | I127: 117.8141 | J127: 824.6987
A128: 46125 | B128: 46125 | C128: 008-0009 | D128: Grapas Standard No. 26 | E128: Cajas | F128: 28 | G128: 8 | H128: 20 | I128: 29.1434 | J128: 582.868
A129: 46125 | B129: 46125 | C129: 008-0010 | D129: Grapas 1/2" | E129: Cajas | F129: 6 | G129: 0 | H129: 6 | I129: 83.085 | J129: 498.51
A130: 46125 | B130: 46125 | C130: 008-0011 | D130: Grapas 1/4" 23/6 | E130: Cajas | F130: 10 | G130: 0 | H130: 10 | I130: 73.728 | J130: 737.28
A131: 46125 | B131: 46125 | C131: 008-0012 | D131: Dispensadores para Cintas | E131: Unidad | F131: 9 | G131: 3 | H131: 6 | I131: 84.7492 | J131: 508.4952
A132: 46125 | B132: 46125 | C132: 008-0013 | D132: Reglas plasticas | E132: Unidad | F132: 18 | G132: 1 | H132: 17 | I132: 7.9492 | J132: 135.1364
A133: 46125 | B133: 46125 | C133: 008-0014 | D133: Tijera p/Oficina | E133: Unidad | F133: 28 | G133: 8 | H133: 20 | I133: 36.6164 | J133: 732.328
A134: 46125 | B134: 46125 | C134: 008-0015 | D134: Cera /Oficina Gatherette | E134: Unidad | F134: 13 | G134: 0 | H134: 13 | I134: 51.5972 | J134: 670.7636
A135: 46125 | B135: 46125 | C135: 008-0017 | D135: Label Laser 2 x 4 | E135: Cajas | F135: 5 | G135: 1 | H135: 4 | I135: 1029.322 | J135: 4117.288
... A151: 46125 | B151: 46125 | C151: 008-0051 | D151: Clips Billetero 2¨´51 MM | E151: Caja | F151: 19 | G151: 5 | H151: 14 | I151: 97.6674 | J151: 1367.3436
C152: 009-0000 | D152: CINTAS Y PEGAMENTOS | E152: Unidad | F152: 0 | G152: 0 | H152: 0 | I152: 0 | J152: =SUM(J153:J163) -> 25923.57
A153: 46125 | B153: 46125 | C153: 009-0004 | D153: Cintas Impresora SP/200 Sigma | E153: Unidad | F153: 78 | G153: 1 | H153: 77 | I153: 44.4669 | J153: 3423.9513
A154: 46125 | B154: 46125 | C154: 009-0005 | D154: Cintas Tela Maq.Sumadora | E154: Unidad | F154: 29 | G154: 2 | H154: 27 | I154: 41.7615 | J154: 1127.5605
A155: 46125 | B155: 46125 | C155: 009-0006 | D155: Cintas Escribir Brother AX-10 | E155: Unidad | F155: 11 | G155: 0 | H155: 11 | I155: 114.3115 | J155: 1257.4265
A156: 46125 | B156: 46125 | C156: 009-0007 | D156: Cintas Correct. Universal K096 | E156: Unidad | F156: 19 | G156: 1 | H156: 18 | I156: 32.7991 | J156: 590.3838
A157: 46125 | B157: 46125 | C157: 009-0009 | D157: Cintas Adhesiva 3/4" | E157: Unidad | F157: 82 | G157: 29 | H157: 53 | I157: 31.0049 | J157: 1643.2597
A158: 46125 | B158: 46125 | C158: 009-0010 | D158: Cintas Adhesiva Transp.2 x 40 | E158: Unidad | F158: 35 | G158: 8 | H158: 27 | I158: 60.9734 | J158: 1646.2818
A159: 46125 | B159: 46125 | C159: 009-0012 | D159: Corrector Liquido Blanco | E159: Unidad | F159: 38 | G159: 9 | H159: 29 | I159: 34.8513 | J159: 1010.6877
A160: 46125 | B160: 46125 | C160: 009-0013 | D160: Pegamento Coqui Gel | E160: Unidad | F160: 19 | G160: 4 | H160: 15 | I160: 199.5908 | J160: 2993.862
A161: 46125 | B161: 46125 | C161: 009-0014 | D161: Pegamento Uhu Liquido | E161: Unidad | F161: 17 | G161: 3 | H161: 14 | I161: 81.7094 | J161: 1143.9316
A162: 46125 | B162: 46125 | C162: 009-0016 | D162: Cintas P/Impresoras Carnet | E162: Unidad | F162: 5 | G162: 0 | H162: 5 | I162: 2060.6131 | J162: 10303.066
A163: 46125 | B163: 46125 | C163: 009-0017 | D163: Pegamento de Barra Artesco | E163: Unidad | F163: 15 | G163: 1 | H163: 14 | I163: 55.94 | J163: 783.16
C164: 011-0000 | D164: CABLES | E164: Unidad | F164: 0 | G164: 0 | H164: 0 | I164: 0 | J164: =SUM(J165:J166) -> 3194.842
A165: 46125 | B165: 46125 | C165: 011-0005 | D165: Cable Tef. 25' Liso | E165: Unidad | F165: 10 | G165: 0 | H165: 10 | I165: 116.9842 | J165: 1169.842
A166: 46125 | B166: 46125 | C166: 011-0015 | D166: Cable Tef. Espirarl 8' | E166: unidad | F166: 32 | G166: 5 | H166: 27 | I166: 75 | J166: 2025
C167: 012-0000 | D167: MAT. Y UTILES INFORMATICOS | F167: 0 | G167: 0 | H167: 0 | I167: 0 | J167: =SUM(J168:J177) -> 27708.895
A168: 46125 | B168: 46125 | C168: 012-0002 | D168: Teclado USB | E168: Unidad | F168: 6 | G168: 0 | H168: 6 | I168: 566.6671 | J168: 3400.0026
A169: 46125 | B169: 46125 | C169: 012-0005 | D169: Mouse USB | E169: Unidad | F169: 14 | G169: 3 | H169: 11 | I169: 161.0343 | J169: 1771.3773
A170: 46125 | B170: 46125 | C170: 012-0010 | D170: Mouse Pad | E170: Unidad | F170: 17 | G170: 1 | H170: 16 | I170: 73.3147 | J170: 1173.0352
A171: 46125 | B171: 46125 | C171: 013-0001 | D171: Sobre Manila Timbrado 9 x 12" | E171: Unidad | F171: 854 | G171: 151 | H171: 703 | I171: 10.3953 | J171: 7307.8959
A172: 46125 | B172: 46125 | C172: 013-0002 | D172: Sobre Manila S/T 9 x 12" | E172: Unidad | F172: 424 | G172: 111 | H172: 313 | I172: 3.3424 | J172: 1046.1712
A173: 46125 | B173: 46125 | C173: 013-0003 | D173: Sobre ManilaTimbrado 10 x 13" | E173: Unidad | F173: 602 | G173: 73 | H173: 529 | I173: 13.256 | J173: 7012.424
A174: 46125 | B174: 46125 | C174: 013-0004 | D174: Sobre Manila S/T 10 x 13" | E174: Unidad | F174: 534 | G174: 71 | H174: 463 | I174: 3.0879 | J174: 1429.6977
A175: 46125 | B175: 46125 | C175: 013-0005 | D175: Sobre Manila 14 x 18" | E175: unidad | F175: 314 | G175: 48 | H175: 266 | I175: 9.9503 | J175: 2646.7798
A176: 46125 | B176: 46125 | C176: 013-0008 | D176: Sobre Carta Timbrado #10 | E176: Unidad | F176: 370 | G176: 140 | H176: 230 | I176: 5.9234 | J176: 1362.382
A177: 46125 | B177: 46125 | C177: 013-0009 | D177: Sobre Carta S/T #10 | E177: Unidad | F177: 559 | G177: 144 | H177: 415 | I177: 1.3473 | J177: 559.1295
C178: 014-0000 | D178: ARTICULOS P/ENCUADER | F178: 0 | G178: 0 | H178: 0 | I178: 0 | J178: =SUM(J179:J194) -> 40320.133
A179: 46125 | B179: 46125 | C179: 014-0052 | D179: Lamina para carnet plastica | E179: unidad | F179: 2 | G179: 0 | H179: 2 | I179: 2800 | J179: 5600
A180: 46125 | B180: 46125 | C180: 014-0060 | D180: Espirales Continuo 10MM | E180: Caja | F180: 4 | G180: 0 | H180: 4 | I180: 354 | J180: 1416
A181: 46125 | B181: 46125 | C181: 014-0062 | D181: Espirales Continuo 18MM | E181: Caja | F181: 5 | G181: 0 | H181: 5 | I181: 826 | J181: 4130
A182: 46125 | B182: 46125 | C182: 014-0063 | D182: Espirales Tradicion 16MM | E182: Caja | F182: 5 | G182: 0 | H182: 5 | I182: 440 | J182: 2200
A183: 46125 | B183: 46125 | C183: 014-0064 | D183: Espirales Continuo 16MM | E183: Caja | F183: 5 | G183: 0 | H183: 5 | I183: 370 | J183: 1850
A184: 46125 | B184: 46125 | C184: 014-0065 | D184: Espirales Tradicion 20MM | E184: Caja | F184: 5 | G184: 0 | H184: 5 | I184: 472 | J184: 2360
A185: 46125 | B185: 46125 | C185: 014-0067 | D185: Espirales Tradicional 33M | E185: Caja | F185: 5 | G185: 0 | H185: 5 | I185: 737.2 | J185: 3686
A186: 46125 | B186: 46125 | C186: 014-0070 | D186: Espirales Continuo 14 MM | E186: Caja | F186: 5 | G186: 0 | H186: 5 | I186: 300 | J186: 1500
A187: 46125 | B187: 46125 | C187: 014-0071 | D187: Espirales Tradicional 12M | E187: Caja | F187: 5 | G187: 0 | H187: 5 | I187: 330.8267 | J187: 1654.1335
A188: 46125 | B188: 46125 | C188: 014-0072 | D188: Espirales Continuo 12MM | E188: Caja | F188: 5 | G188: 0 | H188: 5 | I188: 525 | J188: 2625
A189: 46125 | B189: 46125 | C189: 014-0073 | D189: Espirales Tradic. 25MM | E189: Caja | F189: 5 | G189: 0 | H189: 5 | I189: 525 | J189: 2625
A190: 46125 | B190: 46125 | C190: 014-0074 | D190: Espirales Contínuos 25MM 1" | E190: Caja | F190: 6 | G190: 0 | H190: 6 | I190: 679 | J190: 4074
... A194: 46125 | B194: 46125 | C194: 014-0082 | D194: Esp.P/Encuadernar 06MM 1/4" | E194: Caja | F194: 5 | G194: 0 | H194: 5 | I194: 165 | J194: 825
C195: 015-0000 | D195: PRODUCTOS ELECTRICOS | F195: 0 | G195: 0 | H195: 0 | I195: 0 | J195: =+J197+J196 -> 4769.1888
...
